 Dungeon Crawl Stone Soup version 0.14-a0-736-g2a71271 (webtiles) character file.

632 Malachi the Changer (level 6, -1/47 HPs)
             Began as a Draconian Transmuter on Nov 7, 2013.
             Slain by an orc
             ... wielding a +2,+1 orcish flail
              (9 damage)
             ... on Level 4 of the Dungeon.
             The game lasted 00:07:53 (3742 turns).

Malachi the Changer (Draconian Transmuter)          Turns: 3742, Time: 00:07:54

HP  -1/47        AC  8     Str 12      XL: 6   Next: 94%
MP   2/9         EV 12     Int 19      God:
Gold 134         SH  0     Dex 12      Spells:  3 memorised,  3 levels left

Res.Fire  : . . .   See Invis. : .     - Unarmed
Res.Cold  : . . .   Warding    : .   (armour unavailable)
Life Prot.: . . .   Conserve   : .   (no shield)
Res.Poison: .       Res.Corr.  : .   (helmet restricted)
Res.Elec. : .       Clarity    : .   (no cloak)
Sust.Abil.: . .     Spirit.Shd : .   m - +1 pair of gauntlets
Res.Mut.  : .       Stasis     : .   (no boots)
Res.Rott. : .       Flight     : .   (no amulet)
Saprovore : . . .                    (no ring)
                                     u - +4 ring of intelligence

@: very slightly contaminated, slightly resistant to hostile enchantments,
unstealthy
A: unfitting armour, AC +6
a: no special abilities


You were on level 4 of the Dungeon.
You were hungry.

You visited 1 branch of the dungeon, and saw 4 of its levels.

You collected 134 gold pieces.

Inventory:

Missiles
 b - 48 arrows
 c - 5 tomahawks (quivered)
 r - 11 arrows of flame
Armour
 m - a +1 pair of gauntlets (worn)
Magical devices
 e - a wand of confusion (17)
Comestibles
 a - 5 bread rations
 t - a meat ration
 B - 2 rotting chunks of orc flesh
Scrolls
 j - a scroll of blinking
 n - 2 scrolls of amnesia
 o - a scroll of remove curse
 p - a scroll of random uselessness {unknown}
 s - 2 scrolls of enchant weapon II {unknown}
 v - a scroll of noise {unknown}
 x - 5 scrolls of teleportation {unknown}
 y - a scroll of magic mapping {unknown}
Jewellery
 h - an uncursed amulet of guardian spirit
 u - a +4 ring of intelligence (left hand)
Potions
 i - a potion of heal wounds
 q - a potion of might
 w - a potion of slowing
 z - a potion of invisibility
 A - a potion of speed {unknown}
 F - a potion of restore abilities {unknown}
Books
 d - a book of Changes

   Spells                             Type                      Level
   *Beastly Appendage                 Transmutation                1
   *Sticks to Snakes                  Transmutation                2
   *Spider Form                       Transmutation/Poison         3
   Ice Form                           Ice/Transmutation            4
   Blade Hands                        Transmutation                5


   Skills:
 - Level 1.3 Fighting
 - Level 2.1 Dodging
 - Level 3.7 Unarmed Combat
 - Level 2.0 Spellcasting
 * Level 5.5 Transmutations
 * Level 4.0 Poison Magic


You had 3 spell levels left.
You knew the following spells:

 Your Spells              Type           Power        Failure   Level  Hunger
a - Beastly Appendage     Trmt           ###...       1%          1    #......
b - Sticks to Snakes      Trmt           ###.......   2%          2    ##.....
c - Spider Form           Trmt/Pois      ###.......   10%         3    ####...


Dungeon Overview and Level Annotations

Branches:
Dungeon (4/27)
 Temple: D:4-7

Altars:


Message History

The orc wizard is severely wounded.
The orc wizard closely misses you. The orc wizard completely misses you.
You hit the orc wizard.
You kill the orc wizard!
Your Poison Magic skill increases to level 4!
You hit the orc but do no damage. The orc misses you.
You hit the orc.
The orc is poisoned.
The orc is moderately wounded.
The orc priest calls down the wrath of Beogh upon you.
Something smites you!
* * * LOW HITPOINT WARNING * * *
The orc closely misses you.
You barely miss the orc.
The orc is moderately wounded.
Use which ability? (? or * to list)
Your transformation has ended.
You fall off the wall.
Your +1 pair of gauntlets unmelds from your body.
The orc hits you but does no damage. The orc hits you with an orcish flail!
You die...

#o.........).
.###+###......#.....
.............###....
..[.%.........#.....
#.................
.#.)...).......
#.............
######.............
#.@ooo.........##..
#.###.........##...
### #.........# .##
##......### .
####.#.# .##.#


You could see an orc priest and 2 orcs.

Vanquished Creatures
  Grinder (D:3)
  An ogre (D:4)
  Blork the orc (D:4)
  3 orc wizards (D:4)
  A worker ant (D:4)
  5 adders
  A giant mite (D:3)
  A worm (D:3)
  2 giant geckos
  3 oozes (D:4)
  5 orcs (D:4)
  A ball python (D:1)
  4 giant cockroaches
  6 hobgoblins
  3 jackals (D:3)
  5 kobolds
  10 bats
  4 giant newts
  11 goblins
  3 quokkas
  3 rats
74 creatures vanquished.

Vanquished Creatures (others)
  A quokka (D:2)
  5 toadstools (D:1)
6 creatures vanquished.

Grand Total: 80 creatures vanquished

Notes
Turn   | Place    | Note
--------------------------------------------------------------
     0 | D:1      | Malachi, the Draconian Transmuter, began the quest for the Orb.
     0 | D:1      | Reached XP level 1. HP: 16/16 MP: 1/1
   529 | D:1      | Reached XP level 2. HP: 23/23 MP: 3/3
   534 | D:1      | Learned a level 2 spell: Sticks to Snakes
  1159 | D:2      | Reached XP level 3. HP: 28/28 MP: 4/4
  1164 | D:2      | Learned a level 3 spell: Spider Form
  1849 | D:3      | Reached skill level 1 in Poison Magic
  2114 | D:3      | Reached XP level 4. HP: 35/35 MP: 4/6
  2179 | D:3      | Noticed Grinder
  2191 | D:3      | Paralysed by a potion of paralysis for 4 turns
  2201 | D:3      | Killed Grinder
  2201 | D:3      | Reached XP level 5. HP: 4/40 MP: 7/7
  2838 | D:3      | Reached skill level 4 in Transmutations
  3006 | D:4      | Noticed an ogre
  3016 | D:4      | Killed an ogre
  3016 | D:4      | Reached XP level 6. HP: 30/47 MP: 5/9
  3174 | D:4      | Noticed Blork the orc
  3185 | D:4      | Killed Blork the orc
  3185 | D:4      | Reached skill level 5 in Transmutations
  3742 | D:4      | Slain by an orc

Action                   |  1- 3 |  4- 6 || total
-------------------------+-------+-------++-------
Melee: Unarmed           |   157 |   149 ||   306
 Cast: Beastly Appendage |     6 |     5 ||    11
       Sticks to Snakes  |       |     2 ||     2
       Spider Form       |       |     5 ||     5
 Abil: End Transformatio |       |     5 ||     5
  Use: Potion            |       |     5 ||     5
       Scroll            |       |    10 ||    10
